Map: Inside and Out

Players

Oliveira - Winner!

  • Race: Terran Terran
  • League: Grandmaster
  • Spawn Location: 1:00

ByuN

  • Race: Terran Terran
  • Spawn Location: 7:00

VOD

Have the link to the VOD?

Description

Time

  • Played on: Oct. 22, 2022, 8:18 a.m.
  • Length: 8:59
Show
View Real Time Build Order
Export as new Build Order

Oliveira Terran - Winner!

Build Orders:  

Get SALT Encoding   

  12  0:00  SCV  
  13  0:12  SCV  
  14  0:17  Supply Depot  
  14  0:41  Barracks  
  14  0:44  Refinery  
  14  0:53  Barracks  
  14  0:57  SCV  
  15  1:09  Refinery, SCV  
  16  1:29  Reaper, Orbital Command  
  17  1:40  Reaper  
  18  1:50  Supply Depot  
  18  1:55  SCV  
  19  2:02  Reaper  
  20  2:11  SCV  
  20  2:12  Reaper  
  22  2:31  SCV  
  22  2:34  Reaper  
  24  2:37  Factory  
  24  2:44  SCV  
  25  2:45  Reaper  
  24  3:00  SCV  
  25  3:06  Reaper  
  26  3:13  SCV  
  26  3:14  Command Center  
  28  3:31  Factory Tech Lab, Starport  
  28  3:32  SCV  
  28  3:37  Supply Depot  
  27  3:44  SCV  
  28  3:51  Cyclone  
  31  3:59  SCV  
  32  4:09  Viking  
  34  4:11  SCV  
  35  4:17  Refinery  
  35  4:23  Siege Tank  
  38  4:26  SCV  
  38  4:27  Orbital Command  
  39  4:39  SCV  
  38  4:48  Starport Tech Lab  
  38  4:49  Barracks Reactor, Marine  
  39  4:54  SCV x2  
  41  5:06  SCV x2, Raven  
  45  5:08  Command Center  
  44  5:15  Siege Tank  
  44  5:19  Supply Depot  
  44  5:20  SCV  
  48  5:23  SCV  
  48  5:28  Marine x2  
  49  5:33  SCV  
  49  5:35  SCV  
  53  5:41  Supply Depot  
  53  5:46  SCV  
  53  5:47  SCV  
  53  5:49  Siege Tank  
  58  5:52  Raven  
  58  5:53  Marine x2  
  62  6:00  Supply Depot  
  62  6:03  SCV x2  
  64  6:11  Marine x2  
  64  6:14  Barracks  
  64  6:15  Barracks  
  64  6:17  SCV x2  
  68  6:22  Refinery  
  68  6:23  Orbital Command  
  68  6:26  Siege Tank  
  68  6:29  SCV  
  68  6:30  SCV  
  73  6:41  Medivac  
  73  6:42  Medivac, Marine  
  73  6:43  SCV x2  
  73  6:46  Stimpack  
  80  6:48  SCV  
  80  6:50  Supply Depot  
  81  6:59  SCV, Siege Tank  
  85  7:05  SCV x2  
  85  7:06  Barracks Reactor x2, Marine  
  88  7:12  Engineering Bay  
  88  7:14  Engineering Bay  
  88  7:19  Viking  
  88  7:20  Viking  
  92  7:23  Orbital Command  
  92  7:25  SCV  
  92  7:26  Marine  
  92  7:30  Barracks  
  92  7:31  SCV, Barracks  
  92  7:35  Siege Tank  
  96  7:37  Supply Depot  
  96  7:41  SCV  
  97  7:44  Marine  
  97  7:45  Supply Depot, Marine  
  97  7:51  Marine x2  
  101  7:58  Viking  
  101  7:59  SCV x2  
  101  8:03  Marine  
  105  8:07  Marine  
  105  8:11  Siege Tank  
  107  8:14  Marine x2  
  109  8:20  Barracks Reactor x2  
  109  8:22  Viking  
  109  8:24  SCV  
  111  8:34  Marine  
  111  8:38  Marine  
  111  8:40  Marine x2  
  94  8:47  SCV  
Show
View Real Time Build Order
Export as new Build Order

ByuN Terran 

Build Orders:  

Get SALT Encoding   

  12  0:00  SCV  
  13  0:12  SCV  
  14  0:16  Supply Depot  
  14  0:24  SCV  
  15  0:38  SCV  
  15  0:40  Barracks  
  15  0:42  Refinery  
  16  0:50  SCV  
  17  0:58  Barracks  
  17  1:02  SCV  
  18  1:09  Refinery  
  18  1:14  SCV  
  19  1:27  Reaper  
  19  1:29  Orbital Command  
  20  1:44  Reaper  
  21  1:48  Supply Depot  
  21  1:54  SCV  
  21  1:59  Reaper  
  23  2:09  SCV  
  24  2:17  Reaper  
  24  2:21  SCV  
  25  2:23  Factory  
  25  2:33  SCV  
  25  2:35  Reaper  
  27  2:46  Supply Depot, SCV  
  27  2:54  Reaper  
  27  2:58  SCV  
  25  3:07  Hellion  
  25  3:08  Reaper  
  25  3:10  SCV  
  29  3:22  SCV  
  29  3:26  Reaper  
  29  3:28  Hellion  
  29  3:34  SCV  
  29  3:40  Reaper, Starport  
  31  3:46  SCV  
  32  3:49  Hellion  
  34  3:57  Supply Depot  
  34  3:58  SCV  
  34  4:02  Reaper  
  36  4:10  SCV  
  36  4:12  Factory Tech Lab  
  36  4:16  Medivac  
  39  4:25  SCV  
  39  4:30  Command Center  
  40  4:38  Cyclone  
  41  4:40  SCV  
  39  4:52  SCV  
  39  4:54  Barracks Reactor, Barracks Tech Lab  
  39  5:05  SCV, Viking  
  42  5:07  Refinery  
  42  5:13  Marine  
  43  5:16  Cyclone  
  43  5:17  SCV  
  47  5:35  Stimpack  
  47  5:41  SCV, Orbital Command, Marine x3  
  51  5:46  Starport Reactor  
  51  5:54  SCV  
  52  5:59  Marine x3  
  52  6:01  Supply Depot, Siege Tank  
  58  6:09  SCV x2  
  60  6:17  Marine x2  
  62  6:22  Supply Depot  
  62  6:23  SCV x2, Marine  
  65  6:33  Siege Tank  
  65  6:35  Supply Depot, Marine x2  
  70  6:43  SCV x2, Medivac x2, Marine  
  70  6:45  Supply Depot  
  77  6:52  Marine  
  78  6:56  SCV x2  
  78  6:58  Engineering Bay  
  81  7:02  Supply Depot  
  81  7:04  Marine x2  
  81  7:07  Siege Tank  
  85  7:09  SCV x2  
  89  7:17  Marine  
  89  7:18  Medivac x2  
  89  7:22  SCV x2  
  94  7:23  Marine x2  
  94  7:28  Supply Depot  
  94  7:30  Refinery  
  94  7:34  SCV x2  
  94  7:36  Marine  
  97  7:41  Barracks  
  97  7:46  SCV x2  
  101  7:54  Marine  
  101  7:57  Viking  
  101  7:58  SCV x2  
  104  8:02  Viking  
  104  8:05  Supply Depot  
  106  8:14  Supply Depot  
  106  8:15  Marine  
  106  8:16  Siege Tank  
  103  8:24  Barracks x2  
  103  8:32  Marine  
  103  8:35  Marine x2  
Tags
 
Add a new tag
Caveats
  • Supply blocks, unpowered buildings, or Contaminate may cause inaccurate times.
  • Supply counts are checked every 10 seconds.